| TOP OF THE 1ST |
|
Americus Braves batting - Pitching for Madison Brewers : LHP Dusty Bryant
|
|
Pitching: LHP Dusty Bryant
|
|
|
Batting: RHB Danny Dimas
|
0-0: Ball 1-0: Swinging Strike 1-1: Ball 2-1: Ground out 5-3 (Groundball, 56, EV 106.9 MPH)
|
|
Batting: LHB Mitsujiro Tanaka
|
0-0: Ball 1-0: Ball 2-0: Ground out 6-3 (Groundball, 6M, EV 85.0 MPH)
|
|
Batting: SHB Karl Starnes
|
0-0: Ball 1-0: Ball 2-0: Foul Ball, location: 2F 2-1: Foul Ball, location: 2F 2-2: Fly out, F9 (Line Drive, 9LM, EV 85.0 MPH)
|
| Top of the 1st over - 0 runs, 0 hits, 0 errors, 0 left on base; Americus 0 - Madison 0 |
| BOTTOM OF THE 1ST |
|
Madison Brewers batting - Pitching for Americus Braves : RHP Pu-la Yun
|
|
Pitching: RHP Pu-la Yun
|
|
|
Batting: RHB Malcolm McCauley
|
0-0: Ball 1-0: Ball 2-0: Ball 3-0: Called Strike 3-1: Foul Ball, location: 2F 3-2: Base on Balls
|
|
Batting: LHB Jesus Huante
|
0-0: Called Strike 0-1: Grounds into double play, 4-6-3 (Groundball, 4, EV 86.2 MPH)
|
|
Batting: RHB Mario Lopez
|
0-0: Ball 1-0: Called Strike 1-1: SINGLE (Groundball, 56S, EV 65.0 MPH) (infield hit)
|
|
Batting: SHB Justin Hensley
|
0-0: Ball 1-0: Swinging Strike 1-1: Ball 2-1: Called Strike 2-2: Ground out 6-3 (Groundball, 56D, EV 108.1 MPH)
|
| Bottom of the 1st over - 0 runs, 1 hit, 0 errors, 1 left on base; Americus 0 - Madison 0 |
| TOP OF THE 2ND |
|
Americus Braves batting - Pitching for Madison Brewers : LHP Dusty Bryant
|
|
Batting: RHB Chris Trites
|
0-0: Ground out 5-3 (Groundball, 5S, EV 90.6 MPH)
|
|
Batting: RHB Costantino Dolfini
|
0-0: Called Strike 0-1: Ball 1-1: Foul Ball, location: 2F 1-2: Ball 2-2: Ball 3-2: Base on Balls
|
|
Batting: RHB Manny Hensley
|
0-0: Ball 1-0: Foul Ball, location: 2F 1-1: Called Strike 1-2: Ball 2-2: Foul Ball, location: 2F 2-2: Foul Ball, location: 2F 2-2: Ball 3-2: Foul Ball, location: 2F 3-2: Base on Balls Costantino Dolfini to second
|
|
Batting: RHB Roberto Rios
|
0-0: Ball 1-0: Fly out, F9 (Flyball, 9, EV 78.8 MPH)
|
|
Batting: RHB Curtis Montgomery
|
0-0: Foul Ball, location: 2F 0-1: Ball 1-1: Ball 2-1: SINGLE (Line Drive, 56D, EV 103.8 MPH) Costantino Dolfini to third Manny Hensley to second
|
|
Batting: RHB Bart Stevensdick
|
0-0: Ball 1-0: Called Strike 1-1: Ball 2-1: Fly out, F7 (Flyball, 78S, EV 89.4 MPH)
|
| Top of the 2nd over - 0 runs, 1 hit, 0 errors, 3 left on base; Americus 0 - Madison 0 |
| BOTTOM OF THE 2ND |
|
Madison Brewers batting - Pitching for Americus Braves : RHP Pu-la Yun
|
|
Batting: LHB John Fortin
|
0-0: Ball 1-0: Ball 2-0: Ball 3-0: Base on Balls
|
|
Batting: RHB Manny Olave
|
0-0: Ball 1-0: Ball 2-0: Ball 3-0: Called Strike 3-1: Swinging Strike 3-2: Base on Balls John Fortin to second
|
|
Batting: RHB Justin Marino
|
0-0: Ball 1-0: Called Strike 1-1: Foul Ball, location: 2F 1-2: Ball 2-2: Ball 3-2: Strikes out looking
|
|
Batting: RHB Xiao-shuang Au
|
0-0: Called Strike 0-1: Swinging Strike 0-2: Ball 1-2: Foul Ball, location: 2F 1-2: Ball 2-2: Fly out, F8 (Flyball, 89M, EV 78.8 MPH)
|
|
Batting: RHB Lorenzo Diaz
|
0-0: Ball 1-0: Fly out, F8 (Flyball, 8LM, EV 88.1 MPH)
|
| Bottom of the 2nd over - 0 runs, 0 hits, 0 errors, 2 left on base; Americus 0 - Madison 0 |
| TOP OF THE 3RD |
|
Americus Braves batting - Pitching for Madison Brewers : LHP Dusty Bryant
|
|
Batting: RHB Danny Dimas
|
0-0: Bunt missed! 0-1: Ball 1-1: Ball 2-1: Ball 3-1: Base on Balls
|
|
Batting: LHB Mitsujiro Tanaka
|
0-0: Ball 1-0: Foul Ball, location: 2F 1-1: Ball 2-1: Foul Ball, location: 2F 2-2: SINGLE (Groundball, 4MD, EV 95.0 MPH) Danny Dimas to second
|
|
Batting: SHB Karl Starnes
|
0-0: Ball 1-0: Foul Ball, location: 2F 1-1: SINGLE (Line Drive, 8RS, EV 105.6 MPH) Danny Dimas to third Mitsujiro Tanaka to second Runner from 3rd tries for Home, SAFE, throw by CF to home
|
|
Batting: RHB Chris Trites
|
0-0: Ball 1-0: Called Strike 1-1: SINGLE (Groundball, 6S, EV 73.1 MPH) (infield hit) Mitsujiro Tanaka to third Karl Starnes to second
|
|
Batting: RHB Costantino Dolfini
|
0-0: Ball 1-0: Called Strike 1-1: Foul Ball, location: 2F 1-2: Ball 2-2: Ball 3-2: GRAND SLAM HOME RUN (Flyball, 89XD, EV 108.8 MPH), Distance : 420 ft
|
|
Batting: RHB Manny Hensley
|
0-0: Ball 1-0: Ball 2-0: Ball 3-0: Called Strike 3-1: Foul Ball, location: 2F 3-2: Base on Balls
|
|
Pitching: RHP Yang-cheng Kui
|
|
|
Batting: RHB Roberto Rios
|
0-0: Swinging Strike 0-1: 2-RUN HOME RUN (Flyball, 7D, EV 100.0 MPH), Distance : 372 ft
|
|
Batting: RHB Curtis Montgomery
|
0-0: Ball 1-0: Foul Ball, location: 2F 1-1: SINGLE (Groundball, 56D, EV 106.2 MPH)
|
|
Batting: RHB Bart Stevensdick
|
0-0: Ball 1-0: Swinging Strike 1-1: Ball 2-1: Ball 3-1: Reached on error, E5 (Groundball, 56, EV 103.8 MPH) Curtis Montgomery to second
|
|
Batting: RHB Danny Dimas
|
0-0: Swinging Strike 0-1: Ball 1-1: Ball 2-1: Ball 3-1: Base on Balls Curtis Montgomery to third Bart Stevensdick to second
|
|
Batting: LHB Mitsujiro Tanaka
|
0-0: Ball 1-0: Foul Ball, location: 2F 1-1: Called Strike 1-2: Ball 2-2: Foul Ball, location: 2F 2-2: DOUBLE (Line Drive, 5D, EV 107.5 MPH) Curtis Montgomery scores Bart Stevensdick scores Danny Dimas to third Runner from 3rd tries for Home, throw by LF and OUT! 7-6-2 Mitsujiro Tanaka to third
|
|
Batting: SHB Karl Starnes
|
0-0: Called Strike 0-1: Fly out, F8 (Flyball, 8LS, EV 96.9 MPH)
|
|
Batting: RHB Chris Trites
|
0-0: Called Strike 0-1: Ball 1-1: Fly out, F7 (Flyball, 7, EV 82.5 MPH)
|
| Top of the 3rd over - 9 runs, 7 hits, 1 error, 1 left on base; Americus 9 - Madison 0 |
| BOTTOM OF THE 3RD |
|
Madison Brewers batting - Pitching for Americus Braves : RHP Pu-la Yun
|
|
Batting: RHB Malcolm McCauley
|
0-0: Foul Ball, location: 2F 0-1: Ball 1-1: Swinging Strike 1-2: Foul Ball, location: 2F 1-2: Strikes out swinging
|
|
Batting: LHB Jesus Huante
|
0-0: Ball 1-0: Ball 2-0: Called Strike 2-1: Ball 3-1: Base on Balls
|
|
Batting: RHB Mario Lopez
|
0-0: Ball 1-0: Ball 2-0: Foul Ball, location: 2F 2-1: Called Strike 2-2: Foul Ball, location: 2F 2-2: Strikes out swinging
|
|
Batting: SHB Justin Hensley
|
0-0: Ball 1-0: Called Strike 1-1: Ball 2-1: Foul Ball, location: 2F 2-2: SINGLE (Groundball, 15, EV 71.2 MPH) (infield hit) Jesus Huante to second
|
|
Batting: LHB John Fortin
|
0-0: Ball 1-0: Ball 2-0: Fly out, F8 (Flyball, 8LD, EV 95.6 MPH)
|
| Bottom of the 3rd over - 0 runs, 1 hit, 0 errors, 2 left on base; Americus 9 - Madison 0 |
| TOP OF THE 4TH |
|
Americus Braves batting - Pitching for Madison Brewers : RHP Yang-cheng Kui
|
|
Batting: RHB Costantino Dolfini
|
0-0: Swinging Strike 0-1: Ball 1-1: Fly out, F2 (Popup, 23F, EV 83.1 MPH)
|
|
Batting: RHB Manny Hensley
|
0-0: Ball 1-0: Called Strike 1-1: Foul Ball, location: 2F 1-2: SINGLE (Groundball, 56S, EV 65.6 MPH) (infield hit)
|
|
Batting: RHB Roberto Rios
|
0-0: Swinging Strike 0-1: Called Strike 0-2: Ball 1-2: SINGLE (Line Drive, 8RS, EV 100.6 MPH) Manny Hensley to second
|
|
Batting: RHB Curtis Montgomery
|
0-0: Called Strike 0-1: Grounds into double play, 5-4-3 (Groundball, 5, EV 85.0 MPH)
|
| Top of the 4th over - 0 runs, 2 hits, 0 errors, 1 left on base; Americus 9 - Madison 0 |
| BOTTOM OF THE 4TH |
|
Madison Brewers batting - Pitching for Americus Braves : RHP Pu-la Yun
|
|
Batting: RHB Manny Olave
|
0-0: Foul Ball, location: 2F 0-1: Reached on error, E3 (Groundball, 34S, EV 88.1 MPH)
|
|
Batting: RHB Justin Marino
|
0-0: Foul Ball, location: 2F 0-1: Ball 1-1: Grounds into double play, 4-6-3 (Groundball, 4, EV 104.4 MPH)
|
|
Batting: RHB Xiao-shuang Au
|
0-0: Ball 1-0: Foul Ball, location: 2F 1-1: Ball 2-1: Ball 3-1: Called Strike 3-2: Ground out 5-3 (Groundball, 15, EV 78.1 MPH)
|
| Bottom of the 4th over - 0 runs, 0 hits, 1 error, 0 left on base; Americus 9 - Madison 0 |
| TOP OF THE 5TH |
|
Americus Braves batting - Pitching for Madison Brewers : RHP Yang-cheng Kui
|
|
Batting: RHB Bart Stevensdick
|
0-0: Called Strike 0-1: Swinging Strike 0-2: Fly out, F7 (Flyball, 7S, EV 76.9 MPH)
|
|
Batting: RHB Danny Dimas
|
0-0: Swinging Strike 0-1: Ball 1-1: Ball 2-1: Called Strike 2-2: Foul Ball, location: 2F 2-2: Strikes out swinging
|
|
Batting: LHB Mitsujiro Tanaka
|
0-0: Ball 1-0: Foul Ball, location: 2F 1-1: Ball 2-1: Foul Ball, location: 2F 2-2: Strikes out swinging
|
| Top of the 5th over - 0 runs, 0 hits, 0 errors, 0 left on base; Americus 9 - Madison 0 |
| BOTTOM OF THE 5TH |
|
Madison Brewers batting - Pitching for Americus Braves : RHP Pu-la Yun
|
|
Batting: RHB Lorenzo Diaz
|
0-0: Ball 1-0: Ball 2-0: Called Strike 2-1: DOUBLE (Line Drive, 7LM, EV 103.1 MPH)
|
|
Batting: RHB Malcolm McCauley
|
0-0: Ball 1-0: Ground out 4-3 (Groundball, 4M, EV 87.5 MPH) Lorenzo Diaz to third
|
|
Batting: LHB Jesus Huante
|
0-0: Swinging Strike 0-1: Foul Ball, location: 2F 0-2: Foul Ball, location: 2F 0-2: Foul Ball, location: 2F 0-2: Ball 1-2: Fly out, F8 (Flyball, 8LM, EV 87.5 MPH) Runner from 3rd tags up, SCORES, no throw by CF
|
|
Batting: RHB Mario Lopez
|
0-0: Called Strike 0-1: Ground out 4-3 (Groundball, 34, EV 96.9 MPH)
|
| Bottom of the 5th over - 1 run, 1 hit, 0 errors, 0 left on base; Americus 9 - Madison 1 |
| TOP OF THE 6TH |
|
Americus Braves batting - Pitching for Madison Brewers : RHP Yang-cheng Kui
|
|
Batting: SHB Karl Starnes
|
0-0: Ball 1-0: Foul Ball, location: 2F 1-1: Ball 2-1: Ball 3-1: Foul Ball, location: 2F 3-2: Base on Balls
|
|
Batting: RHB Chris Trites
|
0-0: SINGLE (Line Drive, 8RS, EV 101.9 MPH) Karl Starnes to second
|
|
Batting: RHB Costantino Dolfini
|
0-0: Ball 1-0: Foul Ball, location: 2F 1-1: Ball 2-1: Ball 3-1: Base on Balls Karl Starnes to third Chris Trites to second
|
|
Pitching: RHP Troy Morin
|
|
|
Batting: RHB Manny Hensley
|
0-0: Hit by Pitch Karl Starnes scores Chris Trites to third Costantino Dolfini to second
|
|
Batting: RHB Roberto Rios
|
0-0: Ball 1-0: Ball 2-0: Foul Ball, location: 2F 2-1: Ball 3-1: Base on Balls Chris Trites scores Costantino Dolfini to third Manny Hensley to second
|
|
Batting: RHB Curtis Montgomery
|
0-0: Called Strike Balk! Costantino Dolfini scores Manny Hensley to third Roberto Rios to second 0-1: Ball 1-1: Called Strike 1-2: Strikes out swinging
|
|
Batting: RHB Bart Stevensdick
|
0-0: Ball 1-0: Ball 2-0: Ball 3-0: Called Strike 3-1: Foul Ball, location: 2F 3-2: Base on Balls
|
|
Batting: RHB Danny Dimas
|
0-0: Foul Ball, location: 2F 0-1: Foul Ball, location: 2F 0-2: Hit by Pitch Manny Hensley scores Roberto Rios to third Bart Stevensdick to second
|
|
Batting: LHB Mitsujiro Tanaka
|
0-0: Called Strike 0-1: Ball 1-1: Swinging Strike 1-2: Foul Ball, location: 2F 1-2: Foul Ball, location: 2F 1-2: Strikes out looking
|
|
Batting: SHB Karl Starnes
|
0-0: Fly out, F6 (Popup, 6, EV 72.5 MPH)
|
| Top of the 6th over - 4 runs, 1 hit, 0 errors, 3 left on base; Americus 13 - Madison 1 |
| BOTTOM OF THE 6TH |
|
Madison Brewers batting - Pitching for Americus Braves : RHP Pu-la Yun
|
|
Batting: SHB Justin Hensley
|
0-0: Ball 1-0: Swinging Strike 1-1: Ball 2-1: Ball 3-1: Base on Balls
|
|
Batting: LHB John Fortin
|
0-0: DOUBLE (Flyball, 78XD, EV 95.6 MPH) Justin Hensley to third
|
|
Batting: RHB Manny Olave
|
0-0: Called Strike 0-1: SINGLE (Flyball, 78S, EV 96.9 MPH) Justin Hensley scores John Fortin to third
|
|
Batting: RHB Justin Marino
|
0-0: Ball 1-0: Foul Ball, location: 2F 1-1: Foul Ball, location: 2F 1-2: Strikes out looking
|
|
Batting: RHB Xiao-shuang Au
|
0-0: Ball 1-0: Ball 2-0: Called Strike 2-1: Called Strike 2-2: Strikes out looking
|
|
Batting: RHB Lorenzo Diaz
|
0-0: Ball 1-0: Called Strike 1-1: Fly out, F7 (Flyball, 7S, EV 84.4 MPH)
|
| Bottom of the 6th over - 1 run, 2 hits, 0 errors, 2 left on base; Americus 13 - Madison 2 |
| TOP OF THE 7TH |
|
Americus Braves batting - Pitching for Madison Brewers : RHP Troy Morin
|
|
Batting: RHB Chris Trites
|
0-0: Ball 1-0: Ground out U3 (Groundball, 34, EV 101.9 MPH)
|
|
Batting: RHB Costantino Dolfini
|
0-0: Called Strike 0-1: Ball 1-1: Swinging Strike 1-2: SINGLE (Groundball, 5S, EV 68.1 MPH) (infield hit)
|
|
Batting: RHB Manny Hensley
|
0-0: Called Strike 0-1: Called Strike 0-2: Ball 1-2: Strikes out swinging
|
|
Batting: RHB Roberto Rios
|
0-0: Called Strike 0-1: Ball 1-1: Ball 2-1: Fly out, F8 (Flyball, 8RS, EV 90.0 MPH)
|
| Top of the 7th over - 0 runs, 1 hit, 0 errors, 1 left on base; Americus 13 - Madison 2 |
| BOTTOM OF THE 7TH |
|
Madison Brewers batting - Pitching for Americus Braves : RHP Pu-la Yun
|
|
Pitching: RHP Jason Barber
|
|
|
Pinch Hitting: LHB Alex Chairez
|
0-0: Ball 1-0: Swinging Strike 1-1: Ball 2-1: Foul Ball, location: 2F 2-2: Strikes out looking
|
|
Batting: LHB Jesus Huante
|
0-0: Ball 1-0: Called Strike 1-1: Ball 2-1: Ball 3-1: Base on Balls
|
|
Batting: RHB Mario Lopez
|
0-0: Called Strike 0-1: Ball 1-1: Fielders Choice at 2nd, 4-6 (Groundball, 4, EV 83.1 MPH)
|
|
Batting: SHB Justin Hensley
|
0-0: Foul Ball, location: 2F 0-1: Ball 1-1: Ball 2-1: SINGLE (Groundball, 34D, EV 96.2 MPH) Mario Lopez to second Runner from 2nd tries for 3rd, SAFE, throw by RF made to third
|
|
Batting: LHB John Fortin
|
0-0: Ball 1-0: Foul Ball, location: 2F 1-1: Foul Ball, location: 2F 1-2: Ground out U3 (Groundball, 34, EV 110.0 MPH)
|
| Bottom of the 7th over - 0 runs, 1 hit, 0 errors, 2 left on base; Americus 13 - Madison 2 |
| TOP OF THE 8TH |
|
Americus Braves batting - Pitching for Madison Brewers : RHP Troy Morin
|
|
Now in CF: Todd Massad
|
|
|
Batting: RHB Curtis Montgomery
|
0-0: Ball 1-0: Ground out 4-3 (Groundball, 34D, EV 84.4 MPH)
|
|
Batting: RHB Bart Stevensdick
|
0-0: Called Strike 0-1: Foul Ball, location: 2F 0-2: Strikes out swinging
|
|
Batting: RHB Danny Dimas
|
0-0: Ball 1-0: Swinging Strike 1-1: Ball 2-1: Foul Ball, location: 2F 2-2: Ball 3-2: Strikes out swinging
|
| Top of the 8th over - 0 runs, 0 hits, 0 errors, 0 left on base; Americus 13 - Madison 2 |
| BOTTOM OF THE 8TH |
|
Madison Brewers batting - Pitching for Americus Braves : RHP Jason Barber
|
|
Batting: RHB Manny Olave
|
0-0: Fly out, F9 (Flyball, 89M, EV 85.6 MPH)
|
|
Pinch Hitting: LHB Steven Donovan
|
0-0: Swinging Strike 0-1: Called Strike 0-2: Ball 1-2: Strikes out swinging
|
|
Batting: RHB Xiao-shuang Au
|
0-0: Called Strike 0-1: Swinging Strike 0-2: Strikes out swinging
|
| Bottom of the 8th over - 0 runs, 0 hits, 0 errors, 0 left on base; Americus 13 - Madison 2 |
| TOP OF THE 9TH |
|
Americus Braves batting - Pitching for Madison Brewers : RHP Troy Morin
|
|
Pitching: RHP Tony Beaumond
|
|
|
Now at SS: Mohammed bin Ubaida
|
|
|
Batting: LHB Mitsujiro Tanaka
|
0-0: Ground out 5-3 (Groundball, 56, EV 90.0 MPH)
|
|
Batting: SHB Karl Starnes
|
0-0: Called Strike 0-1: Called Strike 0-2: Foul Ball, location: 2F 0-2: DOUBLE (Line Drive, 5D, EV 94.4 MPH)
|
|
Pinch Hitting: RHB Carlos Livas
|
0-0: Ball 1-0: SINGLE (Line Drive, 89M, EV 92.5 MPH) Karl Starnes to third
|
|
Batting: RHB Costantino Dolfini
|
0-0: Swinging Strike 0-1: Swinging Strike 0-2: Foul Ball, location: 2F 0-2: Ball 1-2: Ball 2-2: Strikes out looking
|
|
Batting: RHB Manny Hensley
|
0-0: Called Strike 0-1: Ball Wild Pitch! Karl Starnes scores Carlos Livas to second 1-1: Ball 2-1: Foul Ball, location: 2F 2-2: Foul Ball, location: 2F 2-2: Ball 3-2: SINGLE (Line Drive, 7LS, EV 105.0 MPH) Carlos Livas to third Runner from 3rd tries for Home, SAFE, throw by LF to home
|
|
Batting: RHB Roberto Rios
|
0-0: Ball 1-0: Foul Ball, location: 2F 1-1: Foul Ball, location: 2F 1-2: Strikes out looking
|
| Top of the 9th over - 2 runs, 3 hits, 0 errors, 1 left on base; Americus 15 - Madison 2 |
| BOTTOM OF THE 9TH |
|
Madison Brewers batting - Pitching for Americus Braves : RHP Jason Barber
|
|
Now at 1B: Carlos Livas
|
|
|
Batting: RHB Lorenzo Diaz
|
0-0: Fly out, F4 (Line Drive, 4, EV 69.4 MPH)
|
|
Pinch Hitting: RHB Steve Errico
|
0-0: Called Strike 0-1: Foul Ball, location: 2F 0-2: Ball 1-2: Ball 2-2: Ball 3-2: Base on Balls
|
|
Pitching: LHP Alejandro Rivera
|
|
|
Batting: LHB Jesus Huante
|
0-0: Ball 1-0: Called Strike 1-1: Called Strike 1-2: Ball 2-2: Fielders Choice at 2nd, 4-6 (Groundball, 4, EV 81.2 MPH)
|
|
Batting: RHB Mario Lopez
|
0-0: Called Strike 0-1: Foul Ball, location: 2F 0-2: Ball 1-2: Foul Ball, location: 2F 1-2: Fly out, F8 (Flyball, 8RD, EV 100.0 MPH)
|
| Bottom of the 9th over - 0 runs, 0 hits, 0 errors, 1 left on base; Americus 15 - Madison 2 |
|